 Dungeon Crawl Stone Soup version 0.28-a0-535-g6f645e4c1d (webtiles) character file.

Game seed: 13208045262118006063

7359 Spaninq the Cleaver (level 11, -1/95 (99) HPs)
             Began as a Hill Orc Abyssal Knight on Sept 26, 2021.
             Was a High Priest of Lugonu.
             Killed from afar by a manticore (14 damage)
             ... with a volley of spikes
             ... on level 9 of the Dungeon.
             The game lasted 00:25:02 (12224 turns).

Spaninq the Cleaver (Hill Orc Abyssal Knight)      Turns: 12224, Time: 00:25:02

HP:   -1/95 (99)    AC: 15    Str: 20    XL:     11   Next: 14%
MP:   18/18         EV:  6    Int: 10    God:    Lugonu [*****.]
Gold: 526           SH:  0    Dex: 11    Spells: 10/10 levels left

rFire   + . .      SeeInvis .   e - +2 hand axe (elec)
rCold   . . .      Faith    .   (no shield)
rNeg    . . .      Spirit   .   u - +0 plate armour
rPois   .          Reflect  .   (no helmet)
rElec   .          Harm     .   (no cloak)
rCorr   .          Rampage  .   (no gloves)
Will    .....                   o - +0 pair of boots
Stlth   ..........              (no amulet)
HPRegen 0.25/turn               m - ring of protection from fire
MPRegen 0.16/turn               (no ring)

@: spiked, lightly drained
A: no striking features
a: Renounce Religion, Depart the Abyss, Bend Space, Banish, Corrupt, Enter the
Abyss


You were on level 9 of the Dungeon.
You worshipped Lugonu.
Lugonu was extremely pleased with you.
You visited 1 branch of the dungeon, and saw 9 of its levels.
You visited the Abyss 1 time.

You collected 526 gold pieces.

Inventory:

Hand Weapons
 e - a +2 hand axe of electrocution (weapon)
 p - the +9 trident "Impslayer" {vorpal}
   (You found it on level 7 of the Dungeon)

   It inflicts extra damage upon your enemies.
 s - a +3 hand axe
Missiles
 j - 3 throwing nets
Armour
 i - a +0 tower shield
 o - a +0 pair of boots (worn)
 r - a +0 kite shield
 u - a +0 plate armour (worn)
Jewellery
 l - a ring of magical power
 m - a ring of protection from fire (left hand)
Wands
 n - a wand of iceblast (7)
 v - a wand of flame (12)
 y - a wand of paralysis (15)
Scrolls
 d - 8 scrolls of amnesia
 f - 3 scrolls of identify
 g - 2 scrolls of fog
 h - a scroll of magic mapping
 k - a scroll of blinking
 q - 2 scrolls of brand weapon
 t - 7 scrolls of teleportation
 z - a scroll of enchant armour
Potions
 a - 5 potions of curing
 b - a potion of flight
 c - 2 potions of magic
 x - a potion of might
 A - a potion of brilliance


   Skills:
 + Level 9.7 Fighting
 * Level 14.1 Axes
 + Level 8.6 Armour
 - Level 0.7 Dodging
 + Level 9.8 Invocations


You had 10 spell levels left.
You didn't know any spells.
Your spell library contained the following spells:

 Spells                   Type           Power      Damage    Failure   Level
 Sandblast                Erth           0%         2d4       100%        1
 Corpse Rot               Necr/Air       N/A        N/A       100%        2
 Passwall                 Tmut/Erth      0%         N/A       100%        2
 Poisonous Vapours        Pois/Air       0%         N/A       100%        2
 Stone Arrow              Conj/Erth      0%         3d7       100%        3
 Olgreb's Toxic Radiance  Pois           0%         N/A       100%        4
 Summon Forest            Summ/Tloc      0%         N/A       100%        5
 Summon Mana Viper        Hex/Summ       0%         N/A       100%        5
 Summon Cactus Giant      Summ           0%         N/A       100%        6
 Malign Gateway           Summ/Tloc      0%         N/A       100%        7
 Ozocubu's Refrigeration  Ice            0%         4d5       100%        7
 Ignition                 Fire           0%         3d3       100%        8
 Summon Horrible Things   Summ           0%         N/A       100%        8


Dungeon Overview and Level Annotations

Branches:
Dungeon (9/15)             Temple (0/1) D:7
   Lair: D:8-11         Orc: D:9-12

Altars:
Hepliaklqana
Vehumet
Wu Jian
Zin

Shops:
D:8 (


Message History

The volley of spikes hits you!
The barbed spikes become lodged in your body.
A queen bee comes into view.
The centaur warrior wields a +0 longbow.
The centaur warrior shoots an arrow.
The arrow hits you!
* * * LOW HITPOINT WARNING * * *
A vampire comes into view.
It is wearing the +4 robe of Augmentation {Str+4 Int+4 Dex+4} and wearing the ring of Yllirh Cidao {rPois rC+}.
There is an open door, spattered with blood here.
Items here: ))) [[[.
The barbed spikes dig painfully into your body as you move.
* * * LOW HITPOINT WARNING * * *
As you close the door, pushing everything out of the way, it creaks loudly!
You see here a +0 robe.
Okay, then.
You feel better. Space bends sharply around you!
You blink.
The barbed spikes dig painfully into your body as you move.
* * * LOW HITPOINT WARNING * * *
As you close the door, it creaks loudly!
You start resting.
A killer bee comes into view.
The killer bee buzzes angrily.
The killer bee stings you.
* * * LOW HITPOINT WARNING * * *
You slash the killer bee!
Lightning courses through the killer bee!
You kill the killer bee!
Lugonu accepts your kill.
You start resting.
You carefully extract the barbed spikes from your body.
You start resting.
Something unseen opens the door.
You close the door.
Something unseen opens the door.
You close the door.
Something unseen opens the door.
As you close the door, it creaks loudly!
A centaur warrior opens the door.
The manticore flicks its tail.
The volley of spikes hits you!
The barbed spikes become lodged in your body.
You die... #.##..##..# ##'### #.#...#...## .# .|:# #..##....# .# :.# +. #..#..#..+ #[. #. #..[.##..# ..## ##...#...# Vu.

#..##..####y###
##.#..###.Hc..##
#.@.###.......#
##'####.........#
##.c.##...........#
#H###ยง#...........#
#.#(##+...........+
#.##.##)).........#
##..###...........#
#### ##.........#
##.......#


You could see a centaur warrior and a manticore.

Vanquished Creatures
  Pikel (D:6)
  3 trolls (D:9)
  A hornet (D:8)
  5 yaks
  An acid dragon (D:9)
  2 water moccasins (D:6)
  2 ice beasts
  2 sky beasts
  A hornet zombie (D:8)
  An orc warrior (D:8)
  3 ogres
  4 centaurs
  2 phantoms
  A lemure (D:6)
  A kobold brigand (D:3)
  A gnoll sergeant (D:6)
  2 bullfrogs (D:9)
  A scorpion (D:5)
  A wyvern zombie (D:9)
  A water moccasin skeleton (D:6)
  14 killer bees
  2 howler monkeys (D:3)
  15 wights
  2 centaur zombies
  A bullfrog zombie (D:5)
  6 orc priests
  2 centaur skeletons (D:6)
  3 hounds
  A gnoll shaman (D:6)
  A bullfrog skeleton (D:6)
  7 orc wizards
  6 iguanas
  2 killer bee zombies (D:7)
  A hound skeleton (D:4)
  A howler monkey zombie (D:8)
  4 adders
  33 gnolls
  A shadow imp (D:6)
  A white imp (D:6)
  2 ufetubi
  A worm (D:2)
  4 dart slugs
  48 orcs
  5 endoplasms
  6 giant cockroaches
  8 goblins
  7 hobgoblins
  11 jackals (D:3)
  8 kobolds
  5 quokkas
  7 ball pythons
  A ball python zombie (D:3)
  3 bats
  2 frilled lizards
  5 rats
  A bush (D:6)
263 creatures vanquished.

Vanquished Creatures (others)
  68 plants
68 creatures vanquished.

Grand Total: 331 creatures vanquished

Notes
Turn   | Place    | Note
-------+----------+-------------------------------------------
     0 | Abyss:1  | Spaninq the Hill Orc Abyssal Knight began the quest for the
                  | Orb.
     0 | Abyss:1  | Reached XP level 1. HP: 19/19 MP: 2/2
    32 | Abyss:1  | Noticed an ancient zyme
    32 | Abyss:1  | Noticed a small abomination
    38 | D:1      | Escaped the Abyss
   164 | D:1      | Reached * piety under Lugonu
   165 | D:1      | Reached skill level 3 in Axes
   336 | D:1      | Reached XP level 2. HP: 27/27 MP: 3/3
   621 | D:1      | Reached XP level 3. HP: 29/33 MP: 4/4
  1214 | D:2      | Found a faded altar of an unknown god.
  1229 | D:2      | Reached skill level 4 in Axes
  1762 | D:2      | Reached ** piety under Lugonu
  1765 | D:2      | Reached XP level 4. HP: 29/40 MP: 5/5
  2277 | D:3      | Reached skill level 5 in Axes
  2277 | D:3      | Reached XP level 5. HP: 42/47 MP: 5/7
  2882 | D:3      | Reached XP level 6. HP: 50/55 MP: 8/8
  2924 | D:3      | Reached *** piety under Lugonu
  3045 | D:3      | Reached skill level 5 in Fighting
  3045 | D:3      | Reached skill level 6 in Axes
  3436 | D:3      | Reached XP level 7. HP: 34/61 MP: 8/10
  4283 | D:3      | Reached skill level 7 in Axes
  4456 | D:4      | Reached **** piety under Lugonu
  4974 | D:4      | Reached XP level 8. HP: 70/70 MP: 11/11
  5036 | D:4      | Reached skill level 8 in Axes
  5038 | D:4      | Reached skill level 5 in Invocations
  5303 | D:4      | Reached skill level 5 in Armour
  5583 | D:5      | Entered Level 5 of the Dungeon
  6354 | D:5      | Reached skill level 9 in Axes
  7055 | D:6      | Noticed Pikel
  7545 | D:6      | Reached XP level 9. HP: 71/79 MP: 13/13
  7742 | D:6      | Reached skill level 10 in Axes
  7758 | D:5      | Reached ***** piety under Lugonu
  7973 | D:6      | Killed Pikel
  8361 | D:7      | Reached skill level 11 in Axes
  8775 | D:7      | Identified the +9 trident "Impslayer" {vorpal}
  8821 | D:7      | Found an ornate altar of the Wu Jian Council.
  8947 | D:7      | Found a glowing silver altar of Zin.
  9521 | D:7      | Reached XP level 10. HP: 49/88 MP: 14/16
  9685 | D:7      | Found a hazy altar of Hepliaklqana.
  9744 | D:7      | Found a staircase to the Ecumenical Temple.
  9840 | D:8      | Found Woav's Weapon Shop.
  9878 | D:8      | Paralysed by a hornet for 2 turns
  9884 | D:8      | Paralysed by a hornet for 1 turns
  9886 | D:8      | Reached skill level 12 in Axes
 10710 | D:8      | Found a radiant altar of Vehumet.
 10972 | D:8      | Noticed a two-headed ogre
 10978 | D:8      | Banished a two-headed ogre
 10979 | D:8      | Reached skill level 13 in Axes
 11521 | D:9      | Reached XP level 11. HP: 86/97 MP: 18/18
 11534 | D:9      | Identified the +4 spear of Ceocapah {speed, *Rage Drain rN+
                  | Int+5}
 11739 | D:9      | Reached skill level 14 in Axes
 12178 | D:9      | Noticed a red ugly thing
 12178 | D:9      | Noticed a manticore
 12178 | D:9      | Noticed a centaur warrior
 12178 | D:9      | Noticed a centaur warrior
 12183 | D:9      | Identified the ring of Yllirh Cidao {rPois rC+}
 12224 | D:9      | Killed from afar by a manticore

Illustrated notes

Levels and vault maps discovered:
D:1:      amcnicky_arrival_flooded_fountain, layout_basic
D:2:      layout_basic, ebering_ecumenical_altar_webs
D:3:      lemuel_castle_with_subvaults [lemuel_castle_interior_original],
          layout_loops_cross, minmay_close_crescents
D:4:      layout_loops_ring
D:5:      layout_loops_ring, amcnicky_mini_pool_small, kennysheep_nub
D:6:      layout_loops_ring, kennysheep_boxes, uniq_pikel
D:7:      layout_cave_pools, lemuel_crystal_altar, kennysheep_mini_moat,
          marbit_many_paths, minmay_temple_entry_proselytizer
D:8:      layout_basic, lemuel_round_altar, serial_shops,
          nicolae_lakefront_shop, eino_jars
D:9:      minmay_the_grid_octo_tiled_squarecenter
          [minmay_the_grid_octo_checkerflower, minmay_the_grid_octo_empty,
          minmay_the_grid_octo_odd_swirl, minmay_the_grid_octo_horde,
          minmay_the_grid_square_5x5_megaprize_crossed,
          minmay_the_grid_square_5x5_spiral_small,
          minmay_the_grid_square_5x5_inner_z, minmay_the_grid_square_5x5_two,
          minmay_the_grid_square_5x5_misaligned], layout_basic, david_orc_3,
          serial_shops, nicolae_shop_overgrown_old_shop, hangedman_minor_magic,
          uniq_erolcha, uniq_erica

Skill      XL: |  1  2  3  4  5  6  7  8  9 10 11 |
---------------+----------------------------------+-----
Axes           | 3 4 5 6 7 9 11 13 14 | 14.1
Fighting       | 4 5 7 8 9 |  9.7
Armour         | 3 4 5 7 8 |  8.6
Invocations    | 3 4 6 8 9 |  9.8
Dodging        | |  0.7

Action                   |  1- 3 |  4- 6 |  7- 9 | 10-12 || total
-------------------------+-------+-------+-------+-------++-------
Melee: Hand axe          |    88 |   173 |   398 |   224 ||   883
       Trident           |       |       |     5 |       ||     5
Invok: Depart the Abyss  |     1 |       |       |       ||     1
       Banish            |       |       |       |     2 ||     2
       Bend Space        |       |       |       |     1 ||     1
  Use: Scroll            |     2 |       |    12 |     2 ||    16
       Potion            |       |       |       |     2 ||     2
Armor: Leather armour    |    15 |       |       |       ||    15
       Ring mail         |    11 |    47 |    10 |       ||    68
       Chain mail        |       |       |   120 |       ||   120
       Plate armour      |       |       |    60 |   123 ||   183
Dodge: Dodged            |    44 |    85 |    97 |    47 ||   273

Table legend: (Time is in decaauts)
 A = Elapsed time spent in this place.
 B = Non-inter-level travel time spent in this place.
 C = Inter-level travel time spent in this place.
 D = Time resting spent in this place.
 E = Time spent auto-exploring this place.
 F = Levels seen in this place.
 G = Mean time per level.
                   A        B        C        D        E       F      G
               +--------+--------+--------+--------+--------+-----+--------+
         Total |  12091 |  11716 |    375 |   3053 |   6333 |  10 | 1209.1 |
       Dungeon |  12053 |  11678 |    375 |   3053 |   6308 |   9 | 1339.2 |
         Abyss |     38 |     38 |      0 |      0 |     25 |   1 |   38.0 |
               +--------+--------+--------+--------+--------+-----+--------+

Top non-repeatable levels by time:
     D:3: 2173 daAuts
     D:6: 1804 daAuts
     D:5: 1375 daAuts
     D:4: 1316 daAuts
     D:7: 1164 daAuts
     D:1: 1139 daAuts
     D:8: 1123 daAuts
     D:9: 992 daAuts
     D:2: 964 daAuts
 Abyss:1: 38 daAuts
